 Dungeon Sprint DCSS version 0.20-a0-1127-g1289703 (webtiles) character file.

5777 potatolord6000 the Unseen (level 10, -3/57 HPs)
             Began as a Felid Fighter on May 18, 2017.
             Was an Initiate of Gozag.
             Slain by a sun demon (10 damage)
             ... summoned by an orc high priest
             ... in the Dungeon (Sprint IX: "|||||||||||||||||||||||||||||").
             The game lasted 00:08:53 (1871 turns).

potatolord6000 the Unseen (Felid Fighter)           Turns: 1871, Time: 00:08:54

Health: -3/57      AC:  4    Str: 12    XL:     10   Next: 50%
Magic:  11/11      EV: 37    Int: 11    God:    Gozag
Gold:   436        SH:  0    Dex: 24    Spells: 9/9 levels left
                                        Lives:  0   Deaths: 3

rFire    . . .     SeeInvis +     - Unarmed
rCold    . . .     Gourm    .   (shield unavailable)
rNeg     . . .     Faith    .   (armour unavailable)
rPois    .         Spirit   .   (helmet unavailable)
rElec    .         Reflect  .   (cloak unavailable)
rCorr    .         Harm     .   (gloves unavailable)
MR       +....     NoTele   +   (boots unavailable)
Stlth    ++++++++..             (no amulet)
Regen    0.2/turn               j - +2 ring of protection
MPRegen  0.2/turn               p - +6 ring of dexterity

@: gold aura, slowed, slow
A: no armour, no weapons or thrown items, stealth, claws 1, fangs 3, see
invisible, carnivore 3, speed 1, shaggy fur 2, slow metabolism 1, sharp paws
a: Potion Petition, Call Merchant, Bribe Branch, Renounce Religion


You were in the Dungeon.
You worshipped Gozag.
Gozag was aware of your devotion.
You were not hungry.

You visited 1 branch You collected 4970 gold pieces.
You spent 819 gold pieces at shops.
You paid 3715 gold pieces to Gozag.

Inventory:

Jewellery
 j - a +2 ring of protection (left paw)
 p - a +6 ring of dexterity (right paw)
Wands
 a - a wand of lightning (5/15)
 k - a wand of enslavement (6/24)
 q - a wand of digging (9/24)
Scrolls
 e - 4 scrolls of remove curse
 h - 3 scrolls of blinking
 i - 2 scrolls of amnesia
 m - 2 scrolls of recharging
 n - a scroll of identify
 o - a scroll of fear
Potions
 c - 5 potions of curing
 f - 4 potions of magic
 g - a potion of berserk rage
Comestibles
 b - 13 meat rations


   Skills:
 + Level 14.7 Fighting
 + Level 18.3 Dodging
 + Level 19.4 Stealth
 + Level 14.9 Unarmed Combat


You had 9 spell levels left.
You didn't know any spells.

Dungeon Overview and Level Annotations

Branches:
Dungeon (1/1)

Altars:
Cheibriados
Dithmenos
Elyvilon
Fedhas
Gozag
Hepliaklqana
Kikubaaqudgha
Makhleb
Nemelex Xobeh
Okawaru
Qazlal
Ru
Sif Muna
Trog
Uskayaw
Vehumet
Wu Jian
Xom
Yredelemnul
Zin
The Shining One
Beogh
Jiyva
Lugonu

Shops:
D ====!*(:


Innate Abilities, Weirdness & Mutations

You cannot wear armour.
You are incapable of wielding weapons or throwing items.
Your paws allow you to move quietly. (Stealth)
You have sharp claws.
You have razor-sharp teeth.
You have supernaturally acute eyesight. (SInv)
You are carnivorous and can eat meat at any time.
You cover ground quickly.
You are covered in thick fur. (AC +2)
You have a slow metabolism.
Your sharp claws are effective at attacking unaware monsters.


Message History

Beogh smites you!
* * * LOW HITPOINT WARNING * * *
The red devil is distracted by the nearby gold.
The hellwing completely misses you. The hellwing misses you.
The orc high priest shouts!
You mangle the orc high priest!!
You kill the orc high priest!
The hellwing disappears in a puff of smoke!
The red devil is no longer distracted by gold.
The orc high priest prays to Beogh.
Unknown command.
Unknown command.
The rust devil screeches!
The sun demon is no longer distracted by gold.
The orc high priest is no longer distracted by gold.
The sun demon hits you!
* * * LOW HITPOINT WARNING * * *
You are engulfed in flames!
You die...
Your body crumbles into a pile of gold.

_________'..|)[[[..'.).(..'([...∩
▓▓▓▓▓▓▓▓▓▓▓▓▓▓▓▓▓▓▓▓▓▓▓▓▓▓▓▓▓▓▓▓▓
.................................
▓▓▓▓▓▓▓▓▓▓▓▓▓▓▓▓▓▓▓▓▓▓▓▓▓▓▓▓▓▓▓▓▓
.........'........[([.'%.[[[[..'.
▓▓▓▓▓▓▓▓▓▓▓▓▓▓▓▓▓▓▓▓▓▓▓▓▓▓▓▓▓▓▓▓▓
.............................)...
▓▓▓▓▓▓▓▓▓▓▓▓▓▓▓▓▓▓▓▓▓▓▓▓▓▓▓▓▓▓▓▓▓


ooo$$$$$ 4ooo4o3@$§$∩$$$$$'...... ▓▓▓▓▓▓▓▓▓▓▓▓▓▓▓▓▓▓▓▓▓▓▓▓▓▓▓▓▓▓▓▓▓
............)..........)......... ▓▓▓▓▓▓▓▓▓▓▓▓▓▓▓▓▓▓▓▓▓▓▓▓▓▓▓▓▓▓▓▓▓ You could
see 3 orc high priests, a sun demon, a rust devil, a red devil and an orc
priest.

Vanquished Creatures
  A hydra (D)
  4 orc high priests (D)
  Sonja (D)
  An unseen horror (D)
  2 orc knights (D)
  An orc sorcerer (D)
  A manticore (D)
  A black mamba (D)
  Psyche (D)
  Joseph (D)
  A gargoyle (D)
  3 spiny frogs (D)
  4 komodo dragons (D)
  A tyrant leech (D)
  3 blink frogs (D)
  2 hippogriffs (D)
  A yak (D)
  A wraith (D)
  Eustachio (D)
  2 wyverns (D)
  2 vampire mosquitoes (D)
  5 orc warriors (D)
  2 porcupines (D)
  A water moccasin (D)
  An ice beast (D)
  3 centaurs (D)
  4 bullfrogs (D)
  A killer bee (D)
  2 crimson imps (D)
  A jelly (D)
  10 orc priests (D)
  An orc wizard (D)
  A hound (D)
  An adder skeleton (D)
  5 orcs (D)
  3 bats (D)
  A kobold (D)
  A frilled lizard (D)
78 creatures vanquished.

Notes
Turn   | Place    | Note
-------+----------+-------------------------------------------
     0 | D        | potatolord6000 the Felid Fighter began the quest for the Orb.
     0 | D        | Reached XP level 1. HP: 10/10 MP: 2/2
     4 | D        | Reached skill level 1 in Stealth
     8 | D        | Reached skill level 2 in Stealth
    38 | D        | Noticed a centaur
    38 | D        | Noticed a crimson imp
    38 | D        | Noticed a hound
    38 | D        | Noticed a crimson imp
    48 | D        | Killed a crimson imp
    48 | D        | Reached skill level 5 in Dodging
    48 | D        | Reached skill level 4 in Stealth
    48 | D        | Reached skill level 5 in Unarmed Combat
    48 | D        | Reached XP level 2. HP: 9/15 MP: 3/3
    48 | D        | Reached XP level 3. HP: 11/18 MP: 4/4
    53 | D        | Killed a centaur
    53 | D        | Reached skill level 5 in Fighting
    53 | D        | Reached skill level 6 in Stealth
    53 | D        | Reached XP level 4. HP: 6/23 MP: 5/5
    55 | D        | Reached skill level 7 in Stealth
    55 | D        | Reached XP level 5. HP: 4/27 MP: 6/6
    62 | D        | Found a roughly hewn altar of Beogh.
    62 | D        | Found a snail-covered altar of Cheibriados.
    62 | D        | Found a shadowy altar of Dithmenos.
    62 | D        | Found a white marble altar of Elyvilon.
    62 | D        | Found a blossoming altar of Fedhas.
    62 | D        | Found an opulent altar of Gozag.
    63 | D        | Found a hazy altar of Hepliaklqana.
    64 | D        | Found a viscous altar of Jiyva.
    65 | D        | Found an ancient bone altar of Kikubaaqudgha.
    66 | D        | Found a corrupted altar of Lugonu.
    67 | D        | Found a burning altar of Makhleb.
    68 | D        | Found a sparkling altar of Nemelex Xobeh.
    69 | D        | Found an iron altar of Okawaru.
    70 | D        | Found a stormy altar of Qazlal.
    71 | D        | Became a worshipper of Hepliaklqana the Forgotten
    73 | D        | Fell from the grace of Hepliaklqana
    73 | D        | Became a worshipper of Gozag Ym Sagoz the Greedy
    75 | D        | Found a sacrificial altar of Ru.
    76 | D        | Found a deep blue altar of Sif Muna.
    77 | D        | Found a bloodstained altar of Trog.
    78 | D        | Found a hide-covered altar of Uskayaw.
    79 | D        | Found a radiant altar of Vehumet.
    80 | D        | Found an ornate altar of the Wu Jian Council.
    81 | D        | Found a shimmering altar of Xom.
    82 | D        | Found a basalt altar of Yredelemnul.
    83 | D        | Found a glowing silver altar of Zin.
    84 | D        | Found a glowing golden altar of the Shining One.
   318 | D        | Noticed a gargoyle
   318 | D        | Noticed a yak
   318 | D        | Noticed a centaur
   318 | D        | Noticed an ice beast
   322 | D        | Killed a gargoyle
   322 | D        | Was forgiven by Hepliaklqana
   322 | D        | Reached skill level 10 in Dodging
   322 | D        | Reached skill level 10 in Stealth
   322 | D        | Gained mutation: You are covered in thick fur. (AC +2) [Felid growth]
   322 | D        | Reached XP level 6. HP: 29/33 MP: 7/7
   343 | D        | Killed a yak
   343 | D        | Reached skill level 11 in Stealth
   343 | D        | Reached XP level 7. HP: 19/37 MP: 8/8
   495 | D        | Noticed a manticore
   495 | D        | Noticed a wraith
   495 | D        | Noticed an unseen horror
   499 | D        | Reached skill level 12 in Stealth
   501 | D        | Killed a manticore
   501 | D        | Reached skill level 10 in Unarmed Combat
   501 | D        | Reached XP level 8. HP: 43/43 MP: 9/9
   503 | D        | Reached skill level 10 in Fighting
   503 | D        | Reached skill level 13 in Stealth
   507 | D        | Killed an unseen horror
   507 | D        | Reached XP level 9. HP: 47/47 MP: 10/10
   632 | D        | Noticed a spiny frog
   632 | D        | Noticed a komodo dragon
   632 | D        | Noticed a black mamba
   632 | D        | Noticed a komodo dragon
   633 | D        | Noticed a komodo dragon
   634 | D        | Killed a spiny frog
   634 | D        | Reached skill level 14 in Stealth
   636 | D        | Killed a komodo dragon
   645 | D        | Killed a black mamba
   645 | D        | Reached skill level 15 in Stealth
   647 | D        | Killed a komodo dragon
   648 | D        | Noticed a komodo dragon
   656 | D        | Killed a komodo dragon
   662 | D        | Slain by a komodo dragon
   663 | D        | Reached XP level 8. HP: -1/45 MP: 9/9
   725 | D        | Killed a komodo dragon
   725 | D        | Reached skill level 15 in Dodging
   725 | D        | Reached XP level 9. HP: 49/49 MP: 10/10
   748 | D        | Noticed a spiny frog
   748 | D        | Noticed a spiny frog
   750 | D        | Killed a spiny frog
   750 | D        | Reached skill level 16 in Stealth
   753 | D        | Noticed a seven-headed hydra
   770 | D        | Killed a spiny frog
   777 | D        | Killed a seven-headed hydra
   777 | D        | Reached XP level 10. HP: 24/54 MP: 11/11
   811 | D        | Bought a +6 ring of dexterity for 819 gold pieces
  1184 | D        | Reached skill level 17 in Stealth
  1201 | D        | Slain by a blink frog
  1202 | D        | Reached XP level 9. HP: -1/51 MP: 10/10
  1408 | D        | Noticed Sonja
  1415 | D        | Killed Sonja
  1448 | D        | Noticed Psyche
  1455 | D        | Killed Psyche
  1496 | D        | Noticed an orc knight
  1497 | D        | Reached XP level 10. HP: 55/55 MP: 11/11
  1519 | D        | Killed an orc knight
  1519 | D        | Reached skill level 18 in Stealth
  1657 | D        | Noticed an orc knight
  1657 | D        | Noticed an orc sorcerer
  1671 | D        | Killed an orc knight
  1676 | D        | Killed an orc sorcerer
  1678 | D        | HP: 1/56 [orc warrior/dire flail (23)]
  1680 | D        | Annihilated by an orc warrior
  1681 | D        | Reached XP level 9. HP: -22/52 MP: 10/10
  1685 | D        | Noticed Eustachio
  1702 | D        | Killed Eustachio
  1800 | D        | Noticed Joseph
  1807 | D        | Killed Joseph
  1832 | D        | Found Mitre's Weapon Shoppe.
  1832 | D        | Noticed an orc high priest
  1832 | D        | Noticed an orc high priest
  1832 | D        | Noticed an orc high priest
  1834 | D        | Noticed a hellwing
  1839 | D        | Killed an orc high priest
  1839 | D        | Reached XP level 10. HP: 52/57 MP: 11/11
  1841 | D        | Found Vopaesch's Assorted Antiques.
  1847 | D        | Killed an orc high priest
  1847 | D        | Reached skill level 19 in Stealth
  1851 | D        | Found Atuvesarph's Distillery.
  1858 | D        | Killed an orc high priest
  1859 | D        | Noticed an orc high priest
  1862 | D        | Found Rinusk's Jewellery Emporium.
  1862 | D        | Noticed an orc high priest
  1863 | D        | Noticed a sun demon
  1864 | D        | Noticed an orc high priest
  1865 | D        | Noticed an orc high priest
  1870 | D        | Killed an orc high priest
  1871 | D        | Noticed a rust devil
  1871 | D        | Slain by a sun demon

Vault maps used:
D:        linesprint

Skill      XL: |  1  2  3  4  5  6  7  8  9 10 |
---------------+-------------------------------+-----
Stealth        | 4 6 7 10 11 12 13 16 19 | 19.4
Fighting       | 4 5 8 9 10 12 14 | 14.7
Dodging        | 5 7 10 11 12 15 16 18 | 18.3
Unarmed Combat | 5 6 8 10 13 14 | 14.9

Action                   |  1- 3 |  4- 6 |  7- 9 | 10-12 || total
-------------------------+-------+-------+-------+-------++-------
Melee: Unarmed           |    21 |    23 |    96 |   102 ||   242
       Punch             |     1 |       |     6 |     8 ||    15
       Bite              |       |     4 |     5 |    10 ||    19
Invok: Call Merchant     |       |       |     2 |     2 ||     4
       Potion Petition   |       |       |       |     1 ||     1
  Use: Potion            |     3 |     1 |     1 |     7 ||    12
 Stab: Sleeping          |       |     2 |    15 |     5 ||    22
       Distracted        |       |       |     3 |     1 ||     4
Armor: Skin              |     2 |       |     2 |     1 ||     5
Dodge: Dodged            |    20 |    11 |    72 |    62 ||   165
